 Dungeon Crawl Stone Soup version 0.20.1-1-g8b1a95d (webtiles) character file.

173258 Monsterracer the Stormcaller (level 18, -11/121 HPs)
             Began as a Tengu Conjurer on Aug 6, 2017.
             Was the Champion of Vehumet.
             Shot with a bolt by a naga sharpshooter (14 damage)
             ... on level 4 of the Snake Pit.
             The game lasted 02:45:22 (39206 turns).

Monsterracer the Stormcaller (Tengu Conjurer)      Turns: 39206, Time: 02:45:23

Health: -11/121    AC: 18    Str:  9    XL:     18   Next: 5%
Magic:  35/45      EV: 25    Int: 27    God:    Vehumet [******]
Gold:   3200       SH:  8    Dex: 18    Spells: 3/44 levels left

rFire    + . .     SeeInvis .   a - staff of energy
rCold    . . .     Gourm    .   S - +2 buckler {rPois}
rNeg     + . .     Faith    .   P - +2 robe {MR+}
rPois    +         Spirit   .   C - +5 hat "Yhosak" {rF+ rN+ MP+9 Dex+2}
rElec    .         Reflect  .   o - +2 cloak
rCorr    .         Harm     .   r - +2 pair of gloves
MR       ++...                  (boots unavailable)
Stlth    +++.......             g - amulet of regeneration
Regen    0.7/turn               m - +5 ring of intelligence
MPRegen  0.3/turn               B - ring of wizardry

@: lethally poisoned (-11 -> -16), tornado, flying quickly and evasively, quick
A: beak, talons 3, yellow scales 1, robust 1, able to fly 2
a: Stop Flying, Renounce Religion


You were on level 4 of the Snake Pit.
You worshipped Vehumet.
Vehumet was exalted by your worship.
You were not hungry.

You visited 5 branches of the dungeon, and saw 28 of its levels.
You also visited: Labyrinth and Ice Cave.

You collected 3914 gold pieces.
You spent 714 gold pieces at shops.

Inventory:

Missiles
 w - 4 throwing nets (quivered)
Armour
 o - a +2 cloak (worn)
 r - a +2 pair of gloves (worn)
 C - the +5 hat "Yhosak" (worn) {rF+ rN+ MP+9 Dex+2}
   (You found it on level 10 of the Dungeon)

   It affects your dexterity (+2).
   It protects you from fire.
   It protects you from negative energy.
   It affects your magic capacity (+9).
 P - a +2 robe of magic resistance (worn)
 S - a +2 buckler of poison resistance (worn)
Magical Staves
 a - an uncursed staff of energy (weapon)
 b - an uncursed staff of air
Jewellery
 g - an amulet of regeneration (around neck)
 m - a +5 ring of intelligence (left hand)
 x - an uncursed ring of protection from cold
 A - an uncursed ring of protection from magic
 B - a ring of wizardry (right hand)
Wands
 H - a wand of digging (12/24)
 R - a wand of digging (11/24)
Scrolls
 e - 8 scrolls of remove curse
 f - 9 scrolls of teleportation
 j - 5 scrolls of blinking
 y - 3 scrolls of enchant weapon
 I - a scroll of recharging
 K - 2 scrolls of magic mapping
 L - 4 scrolls of fear
 M - 7 scrolls of identify
 Q - 2 scrolls of fog
 T - 2 scrolls of summoning
Potions
 d - 2 potions of cancellation
 k - 6 potions of curing
 l - 5 potions of mutation
 n - 2 potions of brilliance
 p - a potion of invisibility
 q - 2 potions of heal wounds
 s - 5 potions of haste
 z - 5 potions of might
 D - 3 potions of resistance
 F - 7 potions of lignification
 J - 3 potions of agility
 N - 2 potions of ambrosia
Books
 i - a book of the Sky

   Spells                             Type                      Level
   a - Summon Lightning Spire         Summoning/Air                4
   b - Silence                        Hexes/Air                    5
   c - Deflect Missiles               Charms/Air                   6
   d - Conjure Ball Lightning         Conjuration/Air              6
   e - Tornado                        Air                          9
 G - a book of Air

   Spells                             Type                      Level
   a - Shock                          Conjuration/Air              1
   b - Swiftness                      Charms/Air                   2
   c - Static Discharge               Conjuration/Air              3
   d - Airstrike                      Air                          4
   e - Lightning Bolt                 Conjuration/Air              5
 O - a book of Necromancy

   Spells                             Type                      Level
   a - Pain                           Necromancy                   1
   b - Animate Skeleton               Necromancy                   1
   c - Vampiric Draining              Necromancy                   3
   d - Regeneration                   Charms/Necromancy            3
   e - Animate Dead                   Necromancy                   4
   f - Control Undead                 Necromancy                   4
Comestibles
 c - 10 bread rations
 h - 28 fruits
 t - 16 meat rations
 v - 20 royal jellies


   Skills:
 + Level 11.5 Fighting
 - Level 5.9 Staves
 - Level 6.5 Armour
 - Level 10.9 Dodging
 - Level 4.1 Stealth
 - Level 5.0 Shields
 * Level 13.6 Spellcasting
 + Level 19.0 Conjurations
 * Level 19.1 Air Magic
 - Level 3.2 Evocations


You had 3 spell levels left.
You knew the following spells:

 Your Spells              Type           Power        Failure   Level  Hunger
a - Magic Dart            Conj           ####         0%          1    None
b - Searing Ray           Conj           ######       0%          2    None
c - Freezing Cloud        Conj/Ice/Air   ######....   1%          6    None
d - Airstrike             Air            #######...   0%          4    None
e - Conjure Flame         Conj/Fire      ######..     1%          3    None
f - Lightning Bolt        Conj/Air       #######...   1%          5    None
g - Static Discharge      Conj/Air       #######.     0%          3    None
h - Tornado               Air            #######...   10%         9    None
i - Orb of Destruction    Conj           #######...   1%          7    None
z - Apportation           Tloc           ###...       1%          1    None


Dungeon Overview and Level Annotations

Branches:
Dungeon (15/15)            Temple (1/1) D:4            Lair (6/6) D:11
 Shoals (0/4) Lair:2        Snake (4/4) Lair:4        Slime (0/5) Lair:5
    Orc (2/2) D:11            Elf (0/3) Orc:2        Vaults (0/5) D:13
 Depths (0/5) D:15

Altars:
Dithmenos
Gozag
Hepliaklqana
Trog
Vehumet
Xom
Beogh
Jiyva
Lugonu

Shops:
D:4 :   D:10 *   D:11 [   D:12 %   Orc:1 (   Orc:2 [[(


Innate Abilities, Weirdness & Mutations

You have a beak for a mouth.
You have claws for feet.
You can fly continuously.
You are partially covered in yellow scales. (AC +2)
You are robust. (+10% HP)


Message History

You feel your power returning.
You feel sick.
You are more poisoned.
The naga ritualist's toxic aura wanes.
The naga sharpshooter gestures wildly while chanting.
The naga sharpshooter magically shoots an arrow.
The arrow hits you!
* * * LOW HITPOINT WARNING * * *
The arrow freezes you.
* * * LOW HITPOINT WARNING * * *
The nagaraja barely misses you. The nagaraja closely misses you.
The naga warrior spits poison at you. The splash of poison hits you!
You are lethally poisoned!
You resist.
The naga ritualist gestures at you while chanting.
You block the lance of force.
The naga sharpshooter casts a spell.
The naga sharpshooter magically shoots a bolt.
The bolt hits you!
You die...

##....#.# #........... .#....#.#
##........... .#....#.#
#............ +#...##.##
#§§.§§§§..... #.)...#.##.
##§§.§§§.§....
......#.##.§#§§§.N§#§§....
#####'#.##.§§§§§N§§N§N.#..
........##.§§§§§#§§§§§...#
........##.§§§NN@§#.......
........###§§§NNN###N..⌠..
........# #§§§§N§§N ......#..##
........# #§§§§##§N......)....#
...#'##.# ##§§§ §§#N....#....#
(..#..#.# #§§§ §§§..........#
...#..#.# ###. ..N).).......
...####.# ## ...)..).....
........############)..##...#####


You could see 2 naga warriors, 4 nagarajas, 3 naga sharpshooters, a naga
ritualist and a naga mage.

Vanquished Creatures
  Frances (Snake:1)
  4 nagarajas
  Aizul (Snake:2)
  Snorg (Lair:6)
  A minotaur (Lab)
  A yaktaur captain (D:13)
  Erolcha (D:9)
  Harold (Orc:1)
  An ice dragon (D:13)
  3 catoblepae (Lair:6)
  13 naga warriors
  7 anacondas
  6 hydras
  3 centaur warriors
  7 two-headed ogres
  13 death yaks (Lair:6)
  2 tengu warriors (D:13)
  12 naga sharpshooters
  7 shock serpents
  10 skeletal warriors
  A salamander mystic (Snake:1)
  2 wizards (D:15)
  4 naga ritualists
  3 unseen horrors
  7 orc knights
  3 necromancers
  3 deep elf magi
  5 cyclopes
  12 ugly things
  2 manticores (Lair:6)
  A wolf spider (D:15)
  2 mana vipers (Snake:4)
  4 orc sorcerers
  3 salamanders
  2 guardian serpents
  Maurice (D:8)
  5 elephants (Lair:5)
  16 naga magi
  3 gargoyles
  Joseph (D:9)
  20 black mambas
  A black mamba (shapeshifter) (D:13)
  An ice statue (IceCv)
  14 spiny frogs
  7 komodo dragons
  10 freezing wraiths (IceCv)
  4 rime drakes
  3 yaktaurs (D:13)
  A kobold demonologist (D:14)
  2 ice devils (Orc:2)
  2 efreet
  2 tengu conjurers (D:14)
  A queen bee (D:8)
  2 polar bears
  4 trolls
  A wolf spider simulacrum (IceCv)
  8 slime creatures
  4 hornets
  14 blink frogs
  13 hippogriffs
  5 wyverns
  A spriggan (shapeshifter) (D:13)
  A wraith (D:13)
  A shadow (D:13)
  A vampire (D:6)
  60 yaks
  3 basilisks
  A hungry ghost (D:12)
  A steam dragon (D:9)
  6 wargs (Orc:2)
  31 nagas
  9 porcupines
  7 water moccasins
  59 orc warriors
  8 sky beasts
  An eye of draining (D:9)
  14 ice beasts
  13 ogres
  2 phantoms
  18 wolves
  5 necrophages
  18 centaurs
  8 crocodiles
  6 small abominations (D:8)
  4 big kobolds
  23 bullfrogs
  4 wyvern zombies
  3 scorpions
  A water moccasin skeleton (D:8)
  22 killer bees
  An elephant simulacrum (IceCv)
  17 wights
  3 howler monkeys
  6 jellies
  8 crimson imps
  4 lava snakes (Lab)
  A quasit (D:7)
  6 centaur zombies
  6 draconian simulacra (IceCv)
  10 hounds
  24 orc priests
  A bullfrog zombie (D:5)
  36 orc wizards
  A bullfrog skeleton (D:6)
  9 centaur skeletons
  5 iguanas
  11 worker ants
  A polar bear simulacrum (IceCv)
  3 troll simulacra (IceCv)
  A wolf simulacrum (IceCv)
  5 centaur simulacra
  A mummy (D:10)
  A howler monkey zombie (D:6)
  A worker ant zombie (D:5)
  8 gnolls
  15 adders
  7 naga simulacra (IceCv)
  8 shadow imps
  12 white imps (IceCv)
  3 oozes
  4 adder skeletons
  A worm (D:5)
  4 dart slugs
  7 leopard geckos
  152 orcs
  10 giant cockroaches
  13 goblins
  14 hobgoblins
  6 jackals
  24 kobolds
  3 quokkas
  4 ball pythons
  10 bats
  12 frilled lizards
  A leopard gecko skeleton (D:5)
  7 rats
  A bush (Lair:4)
  3 fungi
  5 plants
1121 creatures vanquished.

Vanquished Creatures (others)
  An orc (D:11)
  3 bushes
  9 fungi
  39 plants
52 creatures vanquished.

Grand Total: 1173 creatures vanquished

Notes
Turn   | Place    | Note
-------+----------+-------------------------------------------
     0 | D:1      | Monsterracer the Tengu Conjurer began the quest for the Orb.
     0 | D:1      | Reached XP level 1. HP: 10/10 MP: 4/4
   128 | D:1      | Reached XP level 2. HP: 15/15 MP: 3/6
   160 | D:1      | Learned a level 2 spell: Searing Ray
   352 | D:1      | Reached XP level 3. HP: 19/19 MP: 7/7
  1031 | D:2      | Reached XP level 4. HP: 23/24 MP: 9/9
  1043 | D:2      | Learned a level 4 spell: Iskenderun's Mystic Blast
  1904 | D:3      | Gained mutation: You can fly. [Tengu growth]
  1904 | D:3      | Reached XP level 5. HP: 28/28 MP: 10/10
  2375 | D:4      | Reached skill level 1 in Fighting
  2395 | D:4      | HP: 12/29 [adder (3)]
  2402 | D:4      | HP: 13/29 [adder skeleton (1)]
  2408 | D:4      | HP: 13/29 [crimson imp (1)]
  2419 | D:4      | HP: 12/29 [crimson imp (2)]
  2632 | D:4      | Got a tattered robe
  2680 | D:4      | Identified the cursed +0 robe "Jiamo" {SInv Stlth+} (You found it on level 4 of the Dungeon)
  2779 | D:4      | Reached XP level 6. HP: 32/34 MP: 6/12
  3175 | D:4      | Found Caxzoimp's Book Shoppe.
  3198 | D:4      | Found a staircase to the Ecumenical Temple.
  3258 | Temple   | Entered the Ecumenical Temple
  3266 | Temple   | Became a worshipper of Vehumet
  3436 | D:5      | Entered Level 5 of the Dungeon
  3601 | D:5      | HP: 17/34 [centaur (8)]
  3977 | D:5      | Noticed a necrophage
  3991 | D:5      | Reached XP level 7. HP: 39/39 MP: 13/13
  4947 | D:6      | Reached XP level 8. HP: 36/44 MP: 10/15
  5033 | D:6      | Reached * piety under Vehumet
  5033 | D:6      | Offered knowledge of Shock by Vehumet.
  5039 | D:6      | Learned a level 1 spell: Shock
  5104 | D:6      | Reached skill level 10 in Conjurations
  5104 | D:6      | Reached skill level 1 in Air Magic
  5494 | D:6      | Found a shimmering altar of Xom.
  5728 | D:7      | Noticed a hippogriff
  5738 | D:7      | HP: 22/45 [hippogriff (5)]
  5920 | D:7      | HP: 21/45 [hippogriff (9)]
  5921 | D:7      | Killed a hippogriff
  5922 | D:7      | Noticed a vampire
  6089 | D:7      | HP: 21/46 [vampire (5)]
  6102 | D:6      | Reached skill level 5 in Dodging
  6315 | D:7      | HP: 21/46 [ice beast (6)]
  6317 | D:7      | Reached XP level 9. HP: 12/50 MP: 4/17
  6317 | D:7      | Reached skill level 5 in Spellcasting
  6537 | D:6      | Reached skill level 5 in Air Magic
  6768 | D:7      | HP: 26/52 [hippogriff (9)]
  6775 | D:7      | HP: 24/52 [quasit (2)]
  6780 | D:7      | HP: 23/52 [quasit (1)]
  7609 | D:8      | Reached ** piety under Vehumet
  7609 | D:8      | Offered knowledge of Throw Frost by Vehumet.
  7663 | D:8      | Noticed Maurice
  7704 | D:8      | Killed Maurice
  7713 | D:8      | Reached XP level 10. HP: 57/58 MP: 6/19
  7826 | D:8      | Found a transporter.
  7879 | D:8      | HP: 24/58 [wyvern (11)]
  7880 | D:8      | Reached skill level 5 in Fighting
  8060 | D:8      | Noticed a two-headed ogre
  8069 | D:8      | Killed a two-headed ogre
  8136 | D:8      | Found a faded altar of an unknown god.
  8136 | D:8      | Found a faded altar of an unknown god.
  8142 | D:8      | Found a shadowy altar of Dithmenos.
  8155 | D:8      | Found a bloodstained altar of Trog.
  8156 | D:8      | Found a hazy altar of Hepliaklqana.
  8699 | D:8      | Found a corrupted altar of Lugonu.
  8702 | D:8      | Noticed a green ugly thing
  8703 | D:8      | Noticed a red ugly thing
  8704 | D:8      | Noticed a red ugly thing
  8704 | D:8      | Noticed a purple ugly thing
  8704 | D:8      | Noticed a purple ugly thing
  8890 | D:9      | Noticed a two-headed ogre
  8898 | D:9      | Killed a two-headed ogre
  9233 | D:8      | Offered knowledge of Mephitic Cloud by Vehumet.
  9238 | D:8      | Learned a level 3 spell: Mephitic Cloud
  9648 | D:9      | HP: 25/60 [killer bee (6)]
  9649 | D:9      | Reached *** piety under Vehumet
  9650 | D:9      | Reached XP level 11. HP: 26/64 MP: 14/22
  9653 | D:9      | HP: 25/64 [poisoned by a killer bee]
  9659 | D:9      | HP: 24/64 [poisoned by a killer bee]
  9667 | D:9      | HP: 23/64 [poisoned by a killer bee]
 11031 | D:9      | Noticed Erolcha
 11040 | D:9      | Offered knowledge of Airstrike by Vehumet.
 11048 | D:9      | Learned a level 4 spell: Airstrike
 11064 | D:9      | Killed Erolcha
 11150 | D:9      | Learned a level 1 spell: Apportation
 11227 | D:9      | Noticed Joseph
 11261 | D:9      | HP: 24/66 [Joseph/uncursed quarterstaff (16)]
 11276 | D:9      | Killed Joseph
 11309 | D:9      | Gained mutation: You expend magic power (3 MP) to strengthen your wands. [mutagenic meat]
 11310 | D:9      | Lost mutation: You expend magic power (3 MP) to strengthen your wands. [mutagenic meat]
 11311 | D:9      | Gained mutation: You are robust. (+10% HP) [mutagenic meat]
 11312 | D:9      | Gained mutation: You are partially covered in yellow scales. (AC +2) [mutagenic meat]
 11690 | D:10     | Entered Level 10 of the Dungeon
 11690 | D:10     | Noticed a two-headed ogre
 12103 | D:10     | Got a bloodstained hat
 12109 | D:10     | Identified the +5 hat "Yhosak" {rF+ rN+ MP+9 Dex+2} (You found it on level 10 of the Dungeon)
 12166 | D:10     | Killed a two-headed ogre
 12166 | D:10     | Reached **** piety under Vehumet
 12240 | D:10     | Offered knowledge of Conjure Flame by Vehumet.
 12245 | D:10     | Learned a level 3 spell: Conjure Flame
 12456 | D:10     | Noticed an unseen horror
 12462 | D:10     | Killed an unseen horror
 12545 | D:10     | Learned a level 3 spell: Static Discharge
 12663 | D:10     | Found Wifyagic's General Store.
 12667 | D:10     | Bought a scroll of identify for 22 gold pieces
 12855 | D:11     | Reached skill level 1 in Shields
 12963 | D:11     | Found a staircase to the Orcish Mines.
 12979 | D:11     | HP: 29/73 [orc warrior/short sword (12)]
 13407 | D:11     | Reached XP level 12. HP: 67/79 MP: 24/24
 13418 | D:11     | HP: 35/79 [orc warrior/glaive (13)]
 13424 | D:11     | HP: 14/79 [orc priest/divine providence (11)]
 13437 | D:11     | Reached ***** piety under Vehumet
 13810 | D:11     | Reached skill level 15 in Conjurations
 14000 | D:11     | Noticed a two-headed ogre
 14014 | D:11     | Killed a two-headed ogre
 14025 | D:11     | Reached skill level 5 in Shields
 14160 | D:11     | Found a staircase to the Lair.
 14206 | Lair:1   | Entered Level 1 of the Lair of Beasts
 14229 | Lair:1   | Reached XP level 13. HP: 83/83 MP: 25/25
 14236 | Lair:1   | Learned a level 5 spell: Lightning Bolt
 14310 | Lair:1   | Offered knowledge of Freezing Cloud by Vehumet.
 15502 | Lair:2   | Found a staircase to the Shoals.
 15774 | Lair:2   | Learned a level 6 spell: Freezing Cloud
 16977 | Lair:3   | HP: 40/85 [/static electricity (3)]
 18541 | Lair:4   | Offered knowledge of Orb of Destruction by Vehumet.
 18565 | Lair:4   | Gained mutation: You can fly continuously. [Tengu growth]
 18565 | Lair:4   | Reached XP level 14. HP: 92/92 MP: 21/28
 18830 | Lair:4   | Found a staircase to the Snake Pit.
 19670 | Lair:5   | HP: 45/92 [/static electricity (2)]
 19990 | Lair:5   | Learned a level 7 spell: Orb of Destruction
 20136 | Lair:5   | Found a staircase to the Slime Pits.
 20137 | Lair:5   | Found a viscous altar of Jiyva.
 20383 | Lair:5   | Reached skill level 15 in Air Magic
 20969 | Lair:6   | Entered Level 6 of the Lair of Beasts
 21244 | Lair:6   | Noticed Snorg
 21254 | Lair:6   | Killed Snorg
 21501 | Lair:6   | Reached skill level 10 in Spellcasting
 21752 | Lair:6   | Reached skill level 10 in Dodging
 22346 | Lair:6   | Reached XP level 15. HP: 100/100 MP: 19/30
 22702 | Lair:6   | Got an ebony hand crossbow
 22703 | Lair:6   | Identified the +5 hand crossbow of Iliel {freeze, rElec MR+ Stlth+} (You found it on level 6 of the Lair of Beasts)
 23588 | D:11     | Found Yxkoqoyb's Armour Boutique.
 23764 | D:11     | Reached skill level 1 in Armour
 23888 | D:12     | Offered knowledge of Iskenderun's Battlesphere by Vehumet.
 24365 | D:12     | Found Vibaz's Food Shoppe.
 24686 | Orc:1    | Entered Level 1 of the Orcish Mines
 24820 | Orc:1    | Noticed Harold
 24845 | Orc:1    | Killed Harold
 25598 | Orc:2    | Entered Level 2 of the Orcish Mines
 25756 | Orc:2    | HP: 43/101 [orc knight/battleaxe (32)]
 25883 | Orc:2    | Reached ****** piety under Vehumet
 25920 | Orc:2    | Offered knowledge of Conjure Ball Lightning by Vehumet.
 25937 | Orc:1    | Reached skill level 10 in Fighting
 26234 | Orc:2    | Found a frozen archway.
 26255 | IceCv    | Entered an ice cave
 26805 | IceCv    | Found an ancient bone altar of Kikubaaqudgha.
 26886 | IceCv    | Got a sheer robe
 26897 | IceCv    | Identified the +1 robe "Yrragron" {rN+} (You found it in an ice cave)
 27477 | Orc:2    | Offered knowledge of Iron Shot by Vehumet.
 27552 | Orc:1    | Found Imoacuf's Antique Weapon Shoppe.
 27990 | Orc:2    | Found a roughly hewn altar of Beogh.
 28012 | Orc:2    | Found a staircase to the Elven Halls.
 28012 | Orc:2    | Found Mazybaka's Weapon Emporium.
 28012 | Orc:2    | Found Ocousch's Antique Armour Boutique.
 28113 | Orc:2    | Found Umaomaot's General Store.
 28113 | Orc:2    | Found Mukken's Armour Emporium.
 28438 | D:8      | Found a transporter.
 28555 | D:11     | Reached XP level 16. HP: 98/107 MP: 31/31
 28715 | Orc:2    | Bought the +2 ring mail of Diczamn {rElec} for 420 gold pieces
 28776 | Orc:1    | Bought a polished hand axe for 272 gold pieces
 28776 | Orc:1    | Identified the +1 hand axe of Absolution {freeze, MR+} (You bought it in a shop on level 1 of the Orcish Mines)
 29244 | D:13     | HP: 28/107 [yaktaur captain/bolt (37)]
 29245 | D:13     | Reached skill level 5 in Armour
 29545 | D:13     | Found a gate to the Vaults.
 29585 | D:13     | Reached skill level 1 in Staves
 29874 | D:13     | Offered knowledge of Bolt of Cold by Vehumet.
 31354 | D:13     | Identified the Handbook of Loss
 31597 | D:14     | HP: 51/107 [centaur warrior/arrow (5)]
 31663 | D:14     | Found a labyrinth entrance.
 31746 | Lab      | Entered a labyrinth
 32326 | D:14     | Reached skill level 1 in Evocations
 32564 | D:14     | Reached skill level 5 in Staves
 33092 | D:15     | Entered Level 15 of the Dungeon
 33124 | D:15     | Paralysed by an orc sorcerer for 3 turns
 33181 | D:15     | HP: 46/108 [necromancer/bolt of cold (18)]
 33186 | D:15     | HP: 45/108 [centaur warrior skeleton[a necromancer] (4)]
 33191 | D:15     | HP: 40/108 [centaur warrior skeleton[a necromancer] (6)]
 33306 | D:15     | Found a staircase to the Depths.
 33368 | D:15     | Offered knowledge of Bolt of Fire by Vehumet.
 34352 | Snake:1  | Entered Level 1 of the Snake Pit
 34755 | Snake:1  | Reached XP level 17. HP: 114/114 MP: 30/33
 34959 | Snake:1  | HP: 51/114 [naga sharpshooter/bolt (20)]
 34976 | Snake:1  | HP: 51/114 [black mamba (7)]
 35297 | Snake:1  | Noticed Frances
 35305 | Snake:1  | Killed Frances
 35717 | Snake:2  | Learned a level 9 spell: Tornado
 35894 | Snake:2  | Noticed Aizul
 35909 | Snake:2  | HP: 49/114 [Aizul (17)]
 35912 | Snake:2  | Killed Aizul
 36058 | Snake:2  | HP: 53/114 [naga sharpshooter/arrow (8)]
 37636 | Snake:4  | Entered Level 4 of the Snake Pit
 38580 | Snake:4  | Offered knowledge of Fire Storm by Vehumet.
 38580 | Snake:4  | Offered knowledge of Glaciate by Vehumet.
 38580 | Snake:4  | Offered knowledge of Chain Lightning by Vehumet.
 38881 | Snake:4  | HP: 46/114 [shock serpent (14)]
 38922 | Snake:4  | HP: 53/114 [anaconda (5)]
 39173 | Snake:4  | HP: 47/114 [nagaraja/spear (25)]
 39179 | Snake:4  | Reached XP level 18. HP: 43/121 MP: 25/36
 39179 | Snake:4  | HP: 43/121 [naga ritualist/Olgreb's Toxic Radiance (1)]
 39185 | Snake:4  | HP: 44/121 [poisoned by a naga ritualist (toxic radiance)]
 39190 | Snake:4  | HP: 15/121 [shock serpent/bolt of electricity (15)]
 39196 | Snake:4  | HP: 52/121 [poisoned by a naga warrior (splash of poison)]
 39202 | Snake:4  | HP: 46/121 [naga sharpshooter/bolt (20)]
 39205 | Snake:4  | HP: 4/121 [naga sharpshooter/bolt (29)]
 39206 | Snake:4  | Shot with a bolt by a naga sharpshooter

Skill      XL: |  1  2  3  4  5  6  7  8  9 10 11 12 13 14 15 16 17 |
---------------+----------------------------------------------------+-----
Conjurations   | 6 7 8 9 10 12 13 14 15 17 18 19 | 19.0
Spellcasting   | 3 4 5 6 7 9 10 11 13 | 13.6
Fighting       | 1 3 4 6 7 8 9 10 11 | 11.5
Dodging        | 3 4 5 6 7 8 9 10 | 10.9
Air Magic      | 4 6 8 13 14 15 17 18 19 | 19.1
Shields        | 3 5 |  5.0
Armour         | 4 6 |  6.5
Stealth        | 4 |  4.1
Staves         | 5 |  5.9
Evocations     | 2 3 |  3.2

Action                   |  1- 3 |  4- 6 |  7- 9 | 10-12 | 13-15 | 16-18 || total
-------------------------+-------+-------+-------+-------+-------+-------++-------
Melee: Kick              |    14 |    28 |    12 |    30 |    69 |    58 ||   211
       Mace              |     1 |       |       |       |       |       ||     1
       Short sword       |    68 |   132 |    65 |   152 |   221 |       ||   638
       Peck              |     6 |    18 |     5 |    22 |    49 |    37 ||   137
       Hand crossbow     |       |       |       |       |    19 |       ||    19
       Staff             |       |       |       |       |       |   176 ||   176
 Fire: Hand crossbow     |       |       |       |       |    93 |       ||    93
 Cast: Magic Dart        |    10 |    46 |    84 |   115 |   124 |    77 ||   456
       Searing Ray       |       |     5 |    34 |    89 |   164 |   131 ||   423
       Iskenderun's Myst |       |     2 |    19 |    25 |       |       ||    46
       Shock             |       |       |     4 |    26 |     2 |       ||    32
       Mephitic Cloud    |       |       |       |    20 |     8 |       ||    28
       Airstrike         |       |       |       |    16 |    16 |    57 ||    89
       Static Discharge  |       |       |       |     3 |   134 |    46 ||   183
       Conjure Flame     |       |       |       |     5 |     4 |     1 ||    10
       Lightning Bolt    |       |       |       |       |    97 |    68 ||   165
       Freezing Cloud    |       |       |       |       |    67 |    55 ||   122
       Orb of Destructio |       |       |       |       |     3 |    41 ||    44
       Tornado           |       |       |       |       |       |     2 ||     2
 Abil: Fly               |       |     1 |     4 |     2 |     2 |       ||     9
Evoke: Staff of energy   |       |       |       |       |       |     2 ||     2
  Use: Scroll            |       |    16 |     5 |     9 |    17 |     8 ||    55
       Potion            |       |     1 |     1 |     2 |     1 |     6 ||    11
 Stab: Sleeping          |     2 |     8 |       |     1 |     1 |       ||    12
       Distracted        |       |     1 |       |       |       |       ||     1
       Confused          |       |       |       |     3 |     6 |       ||     9
  Eat: Chunk             |     1 |     9 |    13 |    26 |    76 |    28 ||   153
       Fruit             |       |       |     3 |     4 |    11 |    11 ||    29
Armor: Robe              |    19 |    37 |    41 |    83 |    66 |    57 ||   303
       Skin              |       |       |       |    13 |       |       ||    13
       Troll leather arm |       |       |       |       |   102 |     1 ||   103
       Ring mail         |       |       |       |       |       |    75 ||    75
Dodge: Dodged            |    52 |    91 |   124 |   278 |   614 |   437 ||  1596
Block: Buckler           |       |       |       |       |   187 |   186 ||   373
